 Dungeon Crawl Stone Soup version 0.31-a0-188-g5e087ee2ca (webtiles) character file.

Game seed: 16073257054449736106

49 qw the Shooter (level 3, -2/20 HPs)
             Began as a Deep Elf Hunter on June 22, 2023.
             Slain by a goblin
             ... wielding a +0 dagger
             ... led by Robin
              (5 damage)
             ... on level 2 of the Dungeon.
             The game lasted 00:00:25 (681 turns).

qw the Shooter (Deep Elf Hunter)                     Turns: 681, Time: 00:00:26

Health: -2/20      AC:  3    Str: 10    XL:     3   Next: 51%
Magic:  5/5        EV: 12    Int: 13    God:
Gold:   74         SH:  0    Dex: 18    Spells: 2/2 levels left

rFire   . . .        Y - +1 shortbow
rCold   . . .        (shield currently unavailable)
rNeg    . . .        c - +0 leather armour
rPois   .            (no helmet)
rElec   .            (no cloak)
rCorr   .            (no gloves)
SInv    .            (no boots)
Will    .....        (no amulet)
Stlth   ++           (no ring)
HPRegen 0.23/turn    (no ring)
MPRegen 0.09/turn

%: no passive effects
@: no status effects
A: no striking features
a: no special abilities


You were on level 2 of the Dungeon.
You visited 1 branch of the dungeon, and saw 2 of its levels.

You collected 74 gold pieces.


   Skills:
 - Level 1.5 Fighting
 + Level 7.0 Ranged Weapons
 - Level 2.4 Dodging
 - Level 1.2 Stealth


You had 2 spell levels left.
You didn't know any spells.
Your spell library was empty.

Inventory:

Hand Weapons
 Y - a +1 shortbow (weapon)
Armour
 c - a +0 leather armour (worn)
Jewellery
 d - a ring of ice
Scrolls
 a - 3 scrolls of identify
 b - a scroll of enchant armour {unknown}

Dungeon Overview and Level Annotations

Branches:
Dungeon (2/15)

Altars:


Message History

You shoot an arrow. The arrow barely misses the goblin.
The goblin hits you but does no damage.
You shoot an arrow. The arrow hits the goblin.
The goblin is severely wounded.
The goblin hits you with a +0 club.
You shoot an arrow. The arrow closely misses the goblin.
The endoplasm quivers.
The goblin hits you but does no damage. Robin throws the goblin at you!
You shoot an arrow. The arrow misses the goblin.
The goblin shouts!
The goblin completely misses you. x2; Robin barely misses you.
A goblin comes into view. It is wielding a +0 club.
You shoot an arrow. The arrow barely misses the goblin.
The goblin shouts!
You hear a shout!
The goblin barely misses you. Robin misses you. The goblin closely misses you.
You hear a shout!
You shoot an arrow. The arrow hits the goblin!
You kill the goblin!
Robin hits you with a +0 whip. The goblin hits you with a +0 dagger.
You shoot an arrow. The arrow hits Robin.
Robin is lightly wounded.
The goblin no longer looks unusually strong.
Robin barely misses you. The goblin hits you but does no damage.
You shoot an arrow. The arrow completely misses Robin.
The arrow hits the endoplasm.
The endoplasm is lightly wounded.
The goblin hits you with a +0 dagger.
A hobgoblin comes into view.
Robin completely misses you.
You shoot an arrow. The arrow hits Robin!
Robin is almost dead.
The goblin hits you with a +0 dagger.
A goblin comes into view. It is wielding a +0 club.
Robin hits you with a +0 whip.
You shoot an arrow. The arrow hits Robin.
You kill Robin!
The hobgoblin no longer looks unusually strong.
The goblin hits you with a +0 dagger.
You die...

### ###.# ..#..
#.#g# #.#.#
.###.###.#)#######.
...........@J.gg)g.
#.....##..g########
#..%.....#.#
#....###.#.# #..
#.....#########. #.
#...#.#......... #
#...#.#.########
#...#...#
#####.#.########


You could see an endoplasm, a hobgoblin and 4 goblins.

Vanquished Creatures
  Robin (D:2)
  A dart slug (D:2)
  5 ball pythons
  2 bats
  4 endoplasms
  A giant cockroach (D:1)
  8 goblins
  6 hobgoblins
  4 jackals (D:1)
  6 frilled lizards
  2 kobolds (D:1)
  3 rats (D:1)
43 creatures vanquished.

Notes
Turn   | Place    | Note
-------+----------+-------------------------------------------
     0 | D:1      | qw the Deep Elf Hunter began the quest for the Orb.
     0 | D:1      | Reached XP level 1. HP: 12/12 MP: 3/3
     0 | D:1      | 0 ||| qw: Version: 0.3-a-9-g12657ce
     0 | D:1      | 0 ||| qw: Game counter: 3059
     0 | D:1      | 0 ||| qw: Always use a shield: true
     0 | D:1      | 0 ||| qw: God list: Okawaru
     0 | D:1      | 0 ||| qw: Allow faded altars: false
     0 | D:1      | 0 ||| qw: Do Orc after D:15 true
     0 | D:1      | 0 ||| qw: Do second Lair branch before Depths: true
     0 | D:1      | 0 ||| qw: Lair rune preference: random
     0 | D:1      | 0 ||| qw: Plans: Normal
     0 | D:1      | 0 ||| PLANNING D:1-11
    69 | D:1      | Found a faded altar of an unknown god.
    71 | D:1      | Reached skill level 6 in Ranged Weapons
    71 | D:1      | Reached XP level 2. HP: 16/16 MP: 4/4
    80 | D:1      | HP: 4/16 [rat (1)]
   336 | D:1      | Reached XP level 3. HP: 7/20 MP: 5/5
   341 | D:1      | HP: 5/20 [rat (1)]
   478 | D:1      | 478 ||| READING 4 scrolls labelled DIBICREPITA.
   479 | D:1      | 479 ||| READING scroll labelled SARGHO BEUSEL.
   480 | D:1      | 480 ||| READING scroll labelled NUGGEFOBAN.
   481 | D:1      | 481 ||| READING scroll labelled PYFOHI INA.
   482 | D:1      | 482 ||| READING scroll labelled ZOEPTI LAMP.
   486 | D:1      | 486 ||| DROPPING scroll of butterflies.
   665 | D:2      | Noticed Robin
   667 | D:2      | Reached skill level 7 in Ranged Weapons
   680 | D:2      | HP: 5/20 [goblin/+0 dagger[Robin] (3)]
   680 | D:2      | HP: 2/20 [Robin/+0 whip (3)]
   681 | D:2      | Killed Robin
   681 | D:2      | Slain by a goblin

Levels and vault maps discovered:
D:1:      wander_arrival_peaceful_grave, layout_rooms,
          hellmonk_ecumenical_altar_zigzags
D:2:      layout_basic, uniq_robin, uniq_sigmund

Skill      XL: |  1  2  3 |
---------------+----------+-----
Ranged Weapons | 6 7 |  7.0
Fighting       | |  1.5
Dodging        | |  2.4
Stealth        | |  1.2

Action                     || total
---------------------------++-------
   Fire: Shortbow          ||   111
    Use: Scroll            ||     5
 Armour: Leather armour    ||    15
  Dodge: Dodged            ||    39

Table legend:
 A = Non-vault XP
 B = Vault XP
 C = Vault XP percentage of total XP
 D = Non-vault monster count
 E = Vault monster count
 F = Vault count percentage of total count
                 A         B        C        D         E       F
            +---------+---------+-------+---------+---------+-------
      Total |      61 |      24 |  28.2 |      36 |       7 |  16.3
            +---------+---------+-------+---------+---------+-------
        D:1 |      43 |       0 |   0.0 |      27 |       0 |   0.0
        D:2 |      18 |      24 |  57.1 |       9 |       7 |  43.8
            +---------+---------+-------+---------+---------+-------
